[Event "Polish Youth B18 Championship 2023"]
[Site "Jastrzebia Gora"]
[Date "2023.03.12"]
[Round "1.17"]
[White "Biesiadecki, Adam"]
[Black "Kolodziejski, Piotr"]
[Result "1-0"]
[ECO "E17"]
[WhiteElo "1761"]
[BlackElo "2118"]
[Annotator "TA"]
[PlyCount "77"]
[EventDate "2023.03.11"]
[EventType "swiss"]
[EventCountry "POL"]
[SourceTitle "playchess.com"]
[Source "ChessBase"]
[SourceQuality "1"]
[TimeControl "40/5400+30:1800+30"]

1. d4 Nf6 2. c4 e6 3. Nf3 b6 4. g3 Bb7 5. Bg2 Be7 6. O-O O-O 7. Re1 c5 {[%emt 0:10:03] [#]} 8. d5 $1 {[%emt 0:01:31] E17: Queen's Indian: 4 g3 Bb7 5 Bg2 Be7.} exd5 9. Nh4 Ne4 10. cxd5 {[%emt 0:00:55] White is slightly better.} Bxh4 (10... Nd6 11. Bf4 $16) 11. Bxe4 Bf6 12. Nc3 d6 {[%emt 0:05:02] Black is weak on the light squares} 13. Bf4 Re8 {[%emt 0:02:01] White must now prevent ...Bxc3.} 14. Bg2 a6 15. a4 Qe7 {[%emt 0:01:12] [#]} 16. Qb3 $146 (16. Ne4 $5 Be5 17. Bxe5 Qxe5 18. Qd2 $14 (18. f4 Qe7 $14)) ({Predecessor:} 16. Ne4 Be5 17. Bxe5 Qxe5 18. f4 Qe7 19. Qb3 Nd7 20. Nd2 Qf6 21. e3 Rab8 22. Nc4 {½-½ Khismatullin,D (2654)-Ponkratov,P (2604) RUS GP rap Khanty-Mansiysk rapid 2015 (5)}) 16... Nd7 17. Bh3 Ne5 18. Ne4 Reb8 (18... Ng6 $11 19. Nxf6+ Qxf6) 19. Rad1 {[%emt 0:03:59] White is much more active. The black rooks are badly placed.} (19. Qxb6 $2 {perishes.} Bc8 20. Qxd6 (20. Nxf6+ $2 gxf6 21. Qa5 Bxh3 $19) 20... Qxd6 21. Nxd6 Bxh3 $19) (19. Bg2 $14) 19... b5 $11 20. Nxf6+ Qxf6 21. Bxe5 Qxe5 22. e4 bxa4 23. Qc2 Bc8 24. Bxc8 Rxc8 25. f4 Qe8 26. e5 Rab8 27. e6 f6 28. Ra1 (28. Rd2 $11) 28... Rb4 $15 29. Ra3 Rc7 ({Black should play} 29... Qb5 $17) 30. Re4 $11 Rcb7 31. Rxb4 Rxb4 {[%emt 0:00:11][%mdl 4096] Endgame KQR-KQR} 32. Re3 g6 33. e7 $40 {[%emt 0:01:09][%mdl 1152] Re1 would be deadly. White has compensation. White is up to no good.} (33. Qe2 $5 ) 33... Rb7 $2 {[%emt 0:04:17][%mdl 8192] [#]} (33... f5 $11 {and Black has nothing to worry.}) 34. Qe4 $1 $18 Kg7 {[%emt 0:01:03] [#]} 35. Qe6 $1 Rb6 (35... Rxb2 36. Qxd6 a3 37. Rxa3 (37. Qxa6 $2 {too greedy.} a2 $19) 37... Re2) 36. g4 h6 {[%emt 0:00:34] [#]} 37. g5 $1 {[%emt 0:00:22][%mdl 512] White mates.} f5 (37... fxg5 38. fxg5) 38. Qf6+ Kh7 39. gxh6 {[%emt 0:00:23] Weighted Error Value: White=0.11 (very precise) /Black=0.56} 1-0

[Event "Polish Youth B18 Championship 2023"]
[Site "Jastrzebia Gora"]
[Date "2023.03.12"]
[Round "1.18"]
[White "Wojdak, Jan"]
[Black "Bem, Tymoteusz"]
[Result "1-0"]
[ECO "B31"]
[WhiteElo "2097"]
[BlackElo "1748"]
[Annotator "TA"]
[PlyCount "73"]
[EventDate "2023.03.11"]
[EventType "swiss"]
[EventCountry "POL"]
[SourceTitle "playchess.com"]
[Source "ChessBase"]
[SourceQuality "1"]
[TimeControl "40/5400+30:1800+30"]

1. e4 c5 2. Nf3 Nc6 3. Bb5 g6 4. Bxc6 bxc6 5. d4 cxd4 6. Qxd4 Nf6 7. e5 Nd5 8. O-O {[%emt 0:02:41] 8.c4 might become the main line.} Bg7 {[%emt 0:05:47] B27: Sicilian: 2 Nf3, unusual Black 2nd moves.} 9. Rd1 O-O (9... f6 $5 ) 10. Qh4 {[%emt 0:00:45] [#]} f6 $146 {[%emt 0:19:21] The position is equal.} ({Predecessor:} 10... Re8 11. c4 Nc7 12. Nc3 Ne6 13. Ne4 Qc7 14. Neg5 Nxg5 15. Bxg5 d6 16. exd6 exd6 {1-0 Neiksans,A (2575)-Ozolins,A (2147) Puhajarve Rapid op 21st 2021 (36)}) 11. c4 Nc7 12. Qg3 Ne8 13. Nc3 fxe5 14. Nxe5 Qc7 {[%emt 0:01:08] [#]} 15. Nxd7 {[%emt 0:01:53] A dynamic duo of knights.} Qxg3 16. hxg3 Rf7 17. Bf4 {[%emt 0:05:32][%cal Bc1f4,Bf4e5,Be5d4][%mdl 32] Inhibits Nd6. Strongly threatening Ne5.} Nd6 $1 18. Ne5 Bxe5 {[%emt 0:00:06][%mdl 64] [#] Remove Defender} 19. Bxe5 Nxc4 20. Rd8+ Rf8 {[%emt 0:00:08] Black is weak on the dark squares} 21. Rxf8+ Kxf8 22. Bd4 Nxb2 23. Re1 Nd3 24. Re3 c5 25. Rxd3 Bf5 26. Rd2 cxd4 27. Rxd4 $11 {[%emt 0:00:02][%mdl 4096] Endgame KRB-KRN} Rc8 28. Nd5 Rd8 {[%emt 0:01:10] Threatens to win with ...e6.} 29. g4 {[%emt 0:01:40] Repels e6} e5 (29... Bxg4 $5 30. Rf4+ Kg7 $17) 30. Ra4 Bc2 (30... Rxd5 $11 31. gxf5 a5) 31. Ra5 $14 Rd7 32. Ne3 (32. Nf6 $5 Re7 33. Rxe5 $14) 32... e4 $2 {[%emt 0:00:36][%mdl 8192] Black cannot hold the game after this.} 33. Nxc2 $18 {[%emt 0:00:29] White is clearly winning.} Rd1+ 34. Kh2 Rd2 35. Ne3 Rxf2 36. Kg3 Re2 37. Kf4 {[%emt 0:00:10] Weighted Error Value: White=0.12 (very precise) /Black=0.35} 1-0

[Event "Polish Youth B18 Championship 2023"]
[Site "Jastrzebia Gora"]
[Date "2023.03.12"]
[Round "1.19"]
[White "Sternik, Piotr"]
[Black "Dziendziel, Mateusz"]
[Result "0-1"]
[ECO "D11"]
[WhiteElo "1746"]
[BlackElo "2084"]
[Annotator "TA"]
[PlyCount "41"]
[EventDate "2023.03.11"]
[EventType "swiss"]
[EventCountry "POL"]
[SourceTitle "playchess.com"]
[Source "ChessBase"]
[SourceQuality "1"]
[TimeControl "40/5400+30:1800+30"]

1. d4 d5 2. c4 c6 3. Nf3 Nf6 4. g3 e6 5. Bg2 dxc4 6. O-O Nbd7 7. a4 a5 8. Qc2 {[%emt 0:15:02] E04: Open Catalan: 5 Nf3.} Bd6 {[%emt 0:19:53] [#]} (8... Nd5 $14) 9. e4 $146 {[%emt 0:16:55] e5 is the strong threat.} ({Predecessor:} 9. Nbd2 Nb6 10. e4 Be7 11. Rd1 O-O 12. Ne5 h6 13. Ndxc4 Nxc4 14. Nxc4 Re8 15. Bf4 Bb4 {1-0 Kohler,T (2241)-Alvarez,L (1870) Berlin Lichtenberger op 8th 2009 (1)}) 9... e5 10. Na3 {[%emt 0:00:14] White is better.} Bxa3 11. Rxa3 b5 (11... exd4 $16 12. Qxc4 Qe7) 12. dxe5 $18 Ng4 13. axb5 cxb5 14. e6 fxe6 {[%emt 0:05:59] [#]} 15. Ng5 (15. e5 $1 $16) 15... Ra6 (15... Nde5 $5) 16. Bh3 Ndf6 {[%emt 0:16:01] [#]} 17. e5 $1 Nxe5 {[%emt 0:00:23] Hoping for ...0-0.} 18. Qe2 (18. Re3 $11 Nd3 19. Nxe6 Bxe6 20. Bxe6 Rxe6 21. Rxe6+ Kf7 22. Ra6) 18... Nd3 $17 {[%emt 0:05:11] And now ...0-0 would win.} 19. Bxe6 {[%emt 0:04:53] [#]} (19. Bf5 $17 {was called for.}) 19... Qe7 $1 $19 20. Re1 $2 (20. Rxd3 cxd3 21. Bf7+ Kf8 22. Qxe7+ Kxe7 23. Re1+ Kd7 24. Bf4) 20... Bxe6 (20... Nxe1 $2 {loses.} 21. Bf7+ Kf8 22. Re3 $19) 21. Nxe6 {Weighted Error Value: White=0.63/Black=0.15 (very precise)} 0-1

[Event "Polish Youth B18 Championship 2023"]
[Site "Jastrzebia Gora"]
[Date "2023.03.12"]
[Round "1.20"]
[White "Budzisz, Adrian"]
[Black "Zeissel, Andrzej"]
[Result "1-0"]
[ECO "A88"]
[WhiteElo "2069"]
[BlackElo "1717"]
[Annotator "TA"]
[PlyCount "74"]
[EventDate "2023.03.11"]
[EventType "swiss"]
[EventCountry "POL"]
[SourceTitle "playchess.com"]
[Source "ChessBase"]
[SourceQuality "1"]
[TimeControl "40/5400+30:1800+30"]

1. d4 f5 2. c4 Nf6 3. g3 g6 4. Bg2 Bg7 5. Nc3 d6 6. Nf3 O-O 7. O-O c6 8. d5 e5 9. dxe6 Bxe6 10. b3 Na6 11. Ng5 Bc8 {[%emt 0:01:41] A88: Dutch Defence: Leningrad System: 5 Nf3 0-0 6 0-0 d6 7 Nc3 c6.} 12. Bb2 Qe7 13. Qd2 h6 {[%emt 0:03:10] White is slightly better.} 14. Nf3 Be6 15. Rad1 (15. Nh4 $5 Qf7 16. Nf3 $14 (16. Qxd6 Rfd8 $17)) 15... Rad8 16. Nd4 Bf7 {[%emt 0:00:42] [#]} 17. Bxc6 $1 bxc6 18. Nxc6 {[%emt 0:00:07] [#]} Qe6 $146 ({Predecessor:} 18... Qb7 19. Nxd8 Rxd8 20. Nb5 d5 21. Qa5 Rd7 22. Be5 Qb6 23. Qxb6 axb6 24. cxd5 Nxd5 25. Bxg7 Kxg7 {1-0 Neto,H (2532)-Timmerman,G (2703) olm15 fin B2 email 2006 [2]}) 19. Nxd8 Rxd8 20. Na4 Rd7 21. Qa5 Nc5 {[%emt 0:04:49] White now steadily converts the win.} ({Better is} 21... Nb8 $14) 22. Nxc5 $16 dxc5 23. Qxc5 Rxd1 (23... Qxe2 $16 24. Qc8+ Bf8) 24. Rxd1 $18 Ne4 {[%emt 0:03:52] [#]} 25. Qa3 {[%emt 0:00:39] Black must now prevent Bxg7.} (25. Qxa7 $2 Bxb2 26. Rd7 Bf6 $19) ({Weaker is} 25. Rd8+ Kh7 26. Qxa7 (26. Qa3 $2 Qb6 $19) 26... Bxb2 $17) 25... Qb6 26. c5 Qc7 (26... Nxc5 27. Bxg7 Kxg7 28. Qb2+ Kh7) 27. Bxg7 Kxg7 28. Qb2+ Kh7 29. b4 f4 (29... a5 $142 30. f3 Ng5) 30. Qd4 Ng5 31. h4 Ne6 32. Qd7 {[%emt 0:00:44] aiming for Qxc7.} Kg7 33. Qxc7 {[%emt 0:00:10][%mdl 64] Remove Defender} Nxc7 34. Rd7 Nb5 35. c6 {[%emt 0:00:09][%cal Bc5c6,Bc6c7][%mdl 32] Strongly threatening a4.} Kf6 36. a4 Nc3 37. c7 Be6 {[%emt 0:00:47] Weighted Error Value: White=0.17 (very precise) /Black=0.83} 1-0

[Event "Polish Youth B18 Championship 2023"]
[Site "Jastrzebia Gora"]
[Date "2023.03.12"]
[Round "1.21"]
[White "Smuda, Tomasz"]
[Black "Wilk, Igor"]
[Result "0-1"]
[ECO "A14"]
[WhiteElo "1654"]
[BlackElo "2058"]
[Annotator "TA"]
[PlyCount "80"]
[EventDate "2023.03.11"]
[EventType "swiss"]
[EventCountry "POL"]
[SourceTitle "playchess.com"]
[Source "ChessBase"]
[SourceQuality "1"]
[TimeControl "40/5400+30:1800+30"]

1. c4 e6 2. Nf3 Nf6 3. g3 d5 4. Bg2 Be7 5. O-O O-O 6. b3 c6 7. Bb2 b6 $1 {[%emt 0:00:26][%mdl 4] is more profitable than 7...Nbd7 at the moment.} 8. Qc2 Bb7 9. e3 {[%emt 0:01:28] A13: English Opening: 1...e6.} Nbd7 10. Nc3 Rc8 11. Rac1 {[%emt 0:01:31] The position is equal.} Qc7 {[%emt 0:02:17] [#]} 12. Rfd1 $146 ({Predecessor:} 12. Qb1 dxc4 13. bxc4 c5 14. Rfe1 Qb8 15. e4 Rfd8 16. h3 Qa8 17. Re3 Ne8 18. Ne2 {1-0 Van Oosterom,C (2408)-Beckhuis,G (2300) Vienna Stilwerk Masters 2011 (9)}) 12... dxc4 13. bxc4 c5 14. Nb5 Qb8 15. d4 Qa8 $2 (15... a6 $15 {stays ahead.} 16. Na3 Bd6) 16. Ne1 $2 ({White must play} 16. d5 $1 $16 ) 16... a6 $15 17. Na3 Bxg2 18. Nxg2 b5 {[%emt 0:00:16][%cal Bb6b5,Bb5b4][%mdl 32] aiming for ...cxd4.} 19. Qe2 b4 $36 {[%emt 0:04:56][%mdl 2048] Black is more active.} 20. Nc2 a5 21. Nf4 Nb6 22. dxc5 (22. d5 $11) 22... Na4 $17 23. Ba1 Rxc5 24. Nd4 {[#]} Ne4 $1 {[%emt 0:06:40] ...Nac3 would be deadly. Black is more active.} 25. Nb3 (25. Nb5 $17 {was worth a try.}) 25... Rcc8 {[%emt 0:06:54] ...Nac3 is the strong threat.} 26. h4 $2 {[%emt 0:03:01] This move loses the game for White.} (26. Qf3 $17) 26... Nac3 $19 27. Qb2 a4 (27... Nxd1 $2 28. Qxg7#) ({Don't blunder} 27... Rxc4 $2 28. Nd2 Bf6 29. Nxc4 $19) 28. Nd2 a3 (28... Nxd1 $2 29. Qxg7#) 29. Qc2 Nxd1 30. Nxe4 {[%emt 0:00:14] [#]} Nb2 31. Nd2 Bf6 32. Nh5 $2 (32. Ne2) 32... Bc3 33. Ne4 Rxc4 {[%emt 0:01:28] Threatens to win with ...Be5.} 34. Ng5 g6 35. Qe2 h6 36. Nf4 hxg5 37. hxg5 Rfc8 {[%emt 0:02:08] Hoping for ...Bg7.} 38. Bxb2 axb2 {[%emt 0:00:10] Black mates.} 39. Rd1 Bg7 40. Nd3 Rc1 {[%emt 0:00:00] Weighted Error Value: White=0.86/Black=0.14 (very precise)} 0-1

[Event "Polish Youth B18 Championship 2023"]
[Site "Jastrzebia Gora"]
[Date "2023.03.12"]
[Round "1.22"]
[White "Ciszewski, Krzysztof"]
[Black "Czarniecki, Pawel"]
[Result "1-0"]
[ECO "D52"]
[WhiteElo "2047"]
[BlackElo "1625"]
[Annotator "TA"]
[PlyCount "63"]
[EventDate "2023.03.11"]
[EventType "swiss"]
[EventCountry "POL"]
[SourceTitle "playchess.com"]
[Source "ChessBase"]
[SourceQuality "1"]
[TimeControl "40/5400+30:1800+30"]

1. d4 d5 2. c4 c6 3. Nc3 Nf6 4. Nf3 e6 5. Bg5 Nbd7 6. e3 Qa5 7. Nd2 Bb4 8. Qc2 O-O 9. Bxf6 Nxf6 10. Bd3 Bd7 11. O-O {[%emt 0:01:04] D52: Queen's Gambit Declined: Cambridge Springs Variation.} Rad8 {[%emt 0:07:28] [#]} (11... Qc7 $11 {deserves consideration.}) 12. c5 $146 ({Predecessor:} 12. a3 Bd6 13. b4 Qc7 14. f4 dxc4 15. Nxc4 h6 {½-½ Pereboev,I (2034)-Pantykin,N (2197) Novokuznetsk-ch op 2007 (8)}) 12... Bxc3 13. bxc3 {[%emt 0:04:28] White is slightly better.} Kh8 14. f4 Ng4 15. Rfe1 f5 16. a4 Qc7 17. a5 a6 18. Nf3 Bc8 19. h3 Nf6 20. Qf2 Rde8 ({Not} 20... Ne4 21. Bxe4 fxe4 22. Ne5 $16) 21. Qh4 g6 22. g4 Kg7 23. Kh1 fxg4 {[%emt 0:04:58] [#]} 24. hxg4 (24. Ne5 $1 $18) 24... Nxg4 $16 25. Ra2 {[%emt 0:05:40] Black is weak on the dark squares} ({White should try} 25. Qxg4 $16 e5 26. Qh4) 25... e5 $14 26. dxe5 {[%emt 0:05:21] Rg1 would be deadly. White has more active pieces.} Bf5 $2 {[%emt 0:01:02][%mdl 8192] This costs Black the game.} (26... Kg8 $2 27. Rg1 $18) (26... h5 $16 {keeps fighting.}) 27. Bxf5 $18 gxf5 28. Nd4 {[%emt 0:00:45][%cal Bf3d4,Bd4f5,Bf5d6][%mdl 32] Against Re6. Threatens to win with Nxf5+!} Kh8 29. Nxf5 $40 {[%emt 0:01:28][%mdl 192] Remove Defender. Black is in trouble.} Nxe5 {[%emt 0:00:10] Hoping for ...Nf3.} 30. Nd6 Re6 (30... Nf3 31. Nxe8 Qf7 32. Qf6+ (32. Nd6 Qg6 $16) 32... Qxf6 33. Nxf6 Nxe1) 31. fxe5 {[%emt 0:01:02] And now Rg1 would win.} Qg7 {[%emt 0:00:24] [#] White must now prevent ...Rh6.} 32. Rh2 $1 {[%emt 0:01:16] Weighted Error Value: White=0.18 (very precise) /Black=0.60} 1-0

[Event "Polish Youth B18 Championship 2023"]
[Site "Jastrzebia Gora"]
[Date "2023.03.13"]
[Round "2.1"]
[White "Turski, Bartlomiej"]
[Black "Wojdak, Jan"]
[Result "1-0"]
[ECO "A06"]
[WhiteElo "2352"]
[BlackElo "2097"]
[Annotator "TA"]
[PlyCount "55"]
[EventDate "2023.03.11"]
[EventType "swiss"]
[EventCountry "POL"]
[SourceTitle "playchess.com"]
[Source "ChessBase"]
[SourceQuality "1"]
[TimeControl "40/5400+30:1800+30"]

1. Nf3 d5 2. c4 e6 3. e3 Nf6 4. Nc3 Be7 5. b3 b6 6. Bb2 Bb7 7. cxd5 exd5 8. d4 Nbd7 9. Bd3 c5 10. Rc1 O-O 11. O-O Re8 {[%emt 0:09:15] E14: Queen's Indian: Classical Variation (4 e3).} 12. Ne2 Bd6 13. Ng3 Bxg3 {[%emt 0:00:55] The position is equal.} 14. hxg3 {[%emt 0:02:41] [#]} Ne4 $146 ({Predecessor:} 14... Rc8 15. Qe2 Ne4 16. Nh4 Ndf6 17. Rc2 Rc7 18. Rfc1 Qc8 19. Nf3 Ng4 20. Bxe4 dxe4 {½-½ Richter,U-Kalaga,E POL-chT3 Poland 2002}) 15. dxc5 bxc5 16. Nd2 Nef6 17. Bf5 {[%emt 0:10:16] This pair of bishops is nice.} Qe7 18. Qc2 {[%emt 0:02:57] White has more active pieces.} g6 {[%emt 0:03:02] [#]} 19. Bh3 Ba6 (19... h5 $16 {was worth a try.}) 20. Rfd1 Rad8 21. Nf3 Qe4 $2 (21... Ne4 22. Rxd5 Ndf6) 22. Qc3 $18 {[%emt 0:02:54] Bxd7 is the strong threat.} d4 23. exd4 {[%emt 0:00:53] White is clearly winning.} Nd5 24. Qa5 (24. dxc5 $2 {loses.} Nxc3 25. Bxc3 Nxc5 $19) 24... Be2 25. Re1 Nb4 26. Bxd7 Rxd7 27. dxc5 {[%emt 0:00:17][%cal Oc1c4] [#] Threatens to win with Rc4!} Rd3 28. Rc4 {[%emt 0:01:53] Weighted Error Value: White=0.13 (very precise) /Black=0.60} 1-0

[Event "Polish Youth B18 Championship 2023"]
[Site "Jastrzebia Gora"]
[Date "2023.03.13"]
[Round "2.2"]
[White "Dziendziel, Mateusz"]
[Black "Karolczuk, Iwo"]
[Result "1-0"]
[ECO "C44"]
[WhiteElo "2084"]
[BlackElo "2346"]
[Annotator "TA"]
[PlyCount "119"]
[EventDate "2023.03.11"]
[EventType "swiss"]
[EventCountry "POL"]
[SourceTitle "playchess.com"]
[Source "ChessBase"]
[SourceQuality "1"]
[TimeControl "40/5400+30:1800+30"]

1. e4 e5 2. Nf3 Nc6 3. d4 exd4 4. Nxd4 Nf6 5. Nc3 Bb4 6. Nxc6 bxc6 7. Bd3 d5 8. exd5 cxd5 9. O-O O-O 10. Bg5 c6 11. Qf3 Be7 12. h3 h6 13. Bf4 {[%emt 0:00:02] 13.Bf4 is better than 13.Bh4. C47: Scotch Four Knights and Four Knights with 4 g3.} Be6 14. Rad1 Nd7 15. Rfe1 {[%emt 0:18:03] The position is equal.} Bf6 {[%emt 0:05:06] [#]} 16. Qh5 $146 ({Predecessor:} 16. Na4 Re8 17. b3 Qa5 18. Qg3 Kh8 19. a3 d4 20. Re2 Nb6 21. Re5 Bxe5 22. Bxe5 {1-0 Duran Albareda,X (2247)-Bru Rullo,L (2140) Catalunya-chT Gp2 2015 (6.4)}) 16... Re8 17. Na4 {[%emt 0:11:06] Against Qb6} Qa5 18. b3 Qb4 19. Bd2 Qd6 20. Qf3 Be5 21. Kh1 Qc7 22. c4 Bf6 23. Bf4 Qa5 24. c5 Qd8 {[%emt 0:08:44] [#]} (24... Nxc5 $2 25. Bd2 Qd8 26. Nxc5 $18) (24... Nf8 $11 25. Re2 Bg5) 25. Ba6 $1 $16 {[%emt 0:00:36] White has more active pieces.} Rb8 {[%emt 0:01:30] Repels Bb7} 26. Bxb8 Qxb8 27. a3 Be5 28. b4 Bc7 29. Qe2 Qd8 30. Qh5 {[%emt 0:05:57] Dodges Qh4} ({White should play} 30. Nc3) 30... Bb8 31. Bd3 (31. g3 $6 Nf6 32. Qh4 Bf5 $11) (31. Nc3 $16) 31... Qf6 $1 $14 {[%emt 0:01:07] [#] Strongly threatening ...Qf4.} 32. Re2 (32. Qf3 {simplifies} Qxf3 33. gxf3 Ne5 34. Be2) 32... Ne5 33. Nb2 Qf4 $2 {[%emt 0:00:41] White stays focused until the end.} ({Black should try} 33... g6 $1 $11 34. Qxh6 Nf3) 34. g3 $16 Qf6 {[%emt 0:00:15] ...g6 is the strong threat.} 35. f4 Nxd3 36. Nxd3 ({Much less strong is} 36. Rxd3 Rd8 $16) 36... d4 (36... Qc3 $16 37. Qf3 Rf8) 37. Kh2 $18 Rd8 38. Ne5 Bd5 (38... Rd5 39. Rdd2 Kh7) 39. Rxd4 Re8 (39... g6 $142 40. Qh4 Qxh4 41. gxh4 Re8) 40. Rdd2 Re7 41. Re3 {[%emt 0:27:09] And now Ng4 would win.} g5 (41... Re6 $142 42. Qe2 Bc7) 42. Ng4 Qa1 43. Rxd5 {[%emt 0:01:46] Rd8+ would kill now.} (43. Rxe7 $2 Qh1#) 43... Qb2+ 44. Kg1 {[%emt 0:00:13][%cal Bh2g1,Bg1f2,Bf2e1][%mdl 32] Intending Rd8+ and mate.} Qb1+ 45. Kf2 Qa2+ 46. Ke1 {[%emt 0:01:10] White threatens Rd8+ and mate.} Rxe3+ 47. Nxe3 {[%emt 0:00:02] Hoping for Rd8+.} cxd5 48. Qxh6 (48. fxg5 $2 Bxg3+ 49. Kd1 Qb1+ 50. Kd2 Qb2+ 51. Kd1 Bf4 $19) 48... gxf4 {[%emt 0:04:33][%mdl 4096] Endgame KQB-KQN} 49. Qg5+ Kh7 50. gxf4 ({Not} 50. Nxd5 Qb1+ 51. Ke2 Qc2+ 52. Kf3 Qd1+ 53. Ke4 Qc2+ 54. Kd4 Qf2+ 55. Kd3 Qf3+ 56. Kc2 Qe2+ 57. Kb3 Qd1+ 58. Kc3 Be5+ 59. Kc4 Qd4+ 60. Kb5 Qxd5 61. Qf5+ (61. gxf4 Qd3+ 62. Ka4 Qa6+ 63. Kb3 Qe6+ 64. Ka4 Qa6+ 65. Kb3 Qe6+ 66. Ka4 Qc6+ 67. Kb3 Qe6+ $11) 61... Kg8 62. gxf4 a6+ {[%mdl 64] Decoy} 63. Kxa6 Qc6+ 64. Ka7 Qc7+ 65. Ka6 Qc6+ 66. Ka7 Qc7+ 67. Ka6 Qc6+ $11) 50... Qxa3 51. Qh5+ Kg8 52. Nxd5 {[%emt 0:00:50] Black must now prevent Qg5+.} Qc1+ (52... Qg3+ $142 53. Kf1 Qd3+ 54. Kf2 Qd4+ 55. Kg3 Kf8 56. Qh6+ Ke8 57. Qc6+ Kd8) 53. Qd1 Qc4 54. Qg4+ Kh8 55. Qc8+ (55. Qh4+ $142 Kg8 56. Qg5+ Kf8 57. Qd8+ Kg7 58. Qg5+ Kf8 59. Qd8+ Kg7 60. Qf6+ {[%mdl 64] Deflection} Kh7 61. Qxf7+ Kh6 62. Qe6+ Kg7 63. Qe7+ Kh8 64. Qe8+ Kh7 65. Nf6+ Kh6 66. Ng4+ Kg7 67. Qxb8) 55... Kh7 56. Qf5+ Kg8 57. Qg5+ {[%emt 0:00:06] White is clearly winning.} Kf8 58. Qd8+ Kg7 59. Qxb8 {[%emt 0:00:27] White wants to mate with Qe5+.} Qe4+ 60. Kf2 {[%emt 0:00:18] A cool game by Dziendziel.   Weighted Error Value: White=0.17 (very precise) /Black=0.29 (precise)} 1-0

[Event "Polish Youth B18 Championship 2023"]
[Site "Jastrzebia Gora"]
[Date "2023.03.13"]
[Round "2.3"]
[White "Budzisz, Adrian"]
[Black "Dzida, Kamil"]
[Result "0-1"]
[ECO "E04"]
[WhiteElo "2069"]
[BlackElo "2333"]
[Annotator "TA"]
[PlyCount "58"]
[EventDate "2023.03.11"]
[EventType "swiss"]
[EventCountry "POL"]
[SourceTitle "playchess.com"]
[Source "ChessBase"]
[SourceQuality "1"]
[TimeControl "40/5400+30:1800+30"]

1. d4 Nf6 2. c4 e6 3. g3 d5 4. Nf3 dxc4 5. Bg2 Bb4+ 6. Bd2 a5 7. Qc2 {[%emt 0:00:32] E04: Open Catalan: 5 Nf3.} Bxd2+ 8. Nbxd2 b5 9. a4 {[%emt 0:01:38] The position is equal.} c6 10. O-O O-O 11. b3 cxb3 12. Nxb3 b4 13. e4 {[%emt 0:04:25] Prevents Nd5.} Nbd7 14. Rfd1 Bb7 15. Nfd2 Qc7 16. Nc4 {[%emt 0:05:33] [#]} Rfd8 $146 ({Predecessor:} 16... h6 17. Rac1 Rfd8 18. h3 Rdb8 19. Rd2 Rd8 20. Qd1 c5 21. d5 exd5 22. exd5 Rdb8 {½-½ Miciak,E (2379)-Yaroshenko,Y (2414) ICCF Slav Cup4 email 2013 [3]}) 17. f4 Rdc8 18. h3 {[%emt 0:02:23] [#]} (18. Rac1 $11) 18... Nd5 $1 $17 19. Rd2 (19. exd5 $2 cxd5 20. Ne3 Qxc2 21. Nxc2 Rxc2 $19) (19. Nbxa5 Ba6) 19... Nc3 20. Qb2 $2 {[%emt 0:00:12] This costs White the game.} (20. Kh2 $17 {was called for.}) 20... c5 $19 21. d5 Nb6 22. Nbxa5 exd5 (22... Nbxa4 23. Qb3 Rxa5 24. dxe6 $15) 23. Nxb6 Rxa5 24. Nxd5 Bxd5 25. exd5 Qd6 ({And not} 25... Nxa4 26. Qe5 Qxe5 27. fxe5 $17) ({Inferior is} 25... Rxa4 26. d6 Rxa1+ 27. Qxa1 $17) 26. Rd3 Rxa4 (26... Nxa4 $2 {too greedy.} 27. Qe5 Qxe5 28. fxe5 $19) 27. Rxa4 Nxa4 {[%emt 0:00:05] Black is clearly winning.} 28. Qc2 (28. Qe2 $142 c4 29. Re3) 28... c4 {[%emt 0:00:54] Hoping for ...Qc5+.} 29. Re3 b3 {[%emt 0:01:11] Weighted Error Value: White=0.63/Black=0.06 (flawless)} 0-1